 Dungeon Sprint DCSS version 0.31-a0-851-g7ff8af7976 (webtiles) character file.

Game seed: 2492581555410368939

191 sircluck the Grappler (level 9, -18/101 HPs)
             Began as a Troll Berserker on Oct 6, 2023.
             Was an Elder of Trog.
             Demolished by a boulder beetle (37 damage)
             ... in the Dungeon (Sprint VI: "Thunderdome").
             The game lasted 00:07:22 (1100 turns).

sircluck the Grappler (Troll Berserker)             Turns: 1100, Time: 00:07:23

Health: -18/101    AC:  2    Str: 31    XL:     9   Next: 99%
Magic:  8/8        EV: 12    Int:  3    God:    Trog [****..]
Gold:   176        SH:  0    Dex:  9    Spells: 8/8 levels left

rFire   . .          .
                       - Unarmed
rCold   . . .        (no shield)
rNeg    + + .        a - +0 animal skin
rPois   .            (helmet restricted)
rElec   .            l - +0 cloak
rCorr   .            (gloves unavailable)
SInv    .            (boots unavailable)
Will    +....        (no amulet)
Stlth   ++++         n - ring "Haplic" {Fly rN+ Will+}
HPRegen 1.16/turn    m - ring "Izxuculi" {rN+ Stlth+}
MPRegen 0.11/turn

%: no teleportation
@: corroded, flying
A: large, unfitting armour, claws 3, regeneration 1, shaggy fur 1, tough skin 1
}: 1/15 runes: decaying
a: Renounce Religion, Berserk, Trog's Hand, Brothers in Arms


You were in the Dungeon.
You worshipped Trog.
Trog was greatly pleased with you.
You visited 1 branch You collected 470 gold pieces.
You spent 294 gold pieces at shops.

Inventory:

Armour
 a - a +0 animal skin (worn)
 l - a +0 cloak (worn)
Jewellery
 m - the ring "Izxuculi" (right claw) {rN+ Stlth+}
   (You bought it in a shop in the Dungeon)

   [ring of positive energy]

   rN+:       It protects you from negative energy.
   Stlth+:    It makes you more stealthy.
 n - the ring "Haplic" (left claw) {Fly rN+ Will+}
   (You bought it in a shop in the Dungeon)

   [ring of flight]

   rN+:       It protects you from negative energy.
   Will+:     It increases your willpower.
   Fly:       It grants you flight.
Wands
 i - a wand of quicksilver (4)
 j - a wand of iceblast (3)
Scrolls
 g - 3 scrolls of blinking
 k - 3 scrolls of fog
Potions
 b - a potion of curing
 c - 4 potions of heal wounds
 d - 4 potions of haste
 e - 2 potions of magic
 f - a potion of berserk rage
 h - a potion of resistance
 o - a potion of experience


   Skills:
 + Level 9.9 Fighting
 + Level 7.8 Armour
 + Level 9.9 Dodging
 + Level 5.9 Stealth
 + Level 11.7 Unarmed Combat


You had 8 spell levels left.
You didn't know any spells.
Your spell library was empty.

Dungeon Overview and Level Annotations

Branches:
Dungeon (1/1)

Altars:
Cheibriados
Dithmenos
Fedhas
Gozag
Kikubaaqudgha
Makhleb
Okawaru
Qazlal
Ru
Sif Muna
Trog
Uskayaw
Vehumet
Wu Jian
Xom
Yredelemnul
Zin
The Shining One
Lugonu

Shops:
D *[=??*?*:[((!!!!


Innate Abilities, Weirdness & Mutations

You are too large for most types of armour.
You have claws for hands.
Your natural rate of healing is unusually fast.
You are covered in fur. (AC +1)
You have tough skin. (AC +1)


Message History

The boulder beetle is moderately wounded.
The boulder beetle misses you.
The boulder beetle stops rolling and uncurls.
You completely miss the boulder beetle.
You claw the boulder beetle, but do no damage.
The boulder beetle is moderately wounded.
The boulder beetle leaps!
The boulder beetle curls into a ball and begins rolling!
The boulder beetle barely misses you.
The boulder beetle stops rolling and uncurls.
Things that are here:
a +0 chain mail; a +5 flail of protection You mangle the boulder beetle!!
You claw the boulder beetle, but do no damage.
The boulder beetle is moderately wounded.
You scratch the boulder beetle but do no damage.
The boulder beetle is moderately wounded.
The boulder beetle leaps!
Aiming: Iceblast
Press: ? - help, Q - select action, (/) - cycle Shift-Dir - straight line, f - iron troll, p - boulder beetle
Aim: an iron troll (heavily wounded)
The mass of ice explodes!
The iceblast engulfs the iron troll!
The iron troll partially resists.
The iron troll is severely wounded.
The iceblast engulfs the boulder beetle!
The boulder beetle is moderately wounded.
The boulder beetle curls into a ball and begins rolling!
You mangle the rust devil!!
The rust devil is heavily wounded.
The rust devil hits you. The rust devil corrodes you!
You mangle the rust devil!!
You kill the rust devil!
Trog accepts your kill.
You completely miss the boulder beetle.
The boulder beetle is moderately wounded.
The boulder beetle hits you!!!
* * * LOW HITPOINT WARNING * * *
The boulder beetle stops rolling and uncurls.
The boulder beetle hits you!!!
You die...

##### ##⌠⌠⌠## #.....# ##.....##
##∩.....∩## #∩.......∩#
#_......._# #_......._#
#_....@...# ###.....BB..###
#⌠....4.°T°..⌠#
######.8.....[°.°8.######
##∩___.[....###.°.°..___∩##
###∩........8.# #.8........∩###
#[....[.......###.......○.....##
⌠.)........###...###..........⌠#
⌠[)........# #.<.# #..........⌠#


You could see an iron troll, 2 boulder beetles and a rust devil.

Vanquished Creatures
  the Lernaean hydra (D)
  A rust devil (D)
  Sigmund (D)
  3 redbacks (D)
  Blork the orc (D)
  2 scorpions (D)
  An earth elemental (D)
  An iron imp (D)
  An orc priest (D)
  An orc wizard (D)
  Terence (D)
  4 mummies (D)
  3 orcs (D)
  2 kobolds (D)
23 creatures vanquished.

Vanquished Creatures (collateral kills)
  A bunyip (D)
1 creature vanquished.

Grand Total: 24 creatures vanquished

Notes
Turn   | Place    | Note
-------+----------+-------------------------------------------
     0 | D        | sircluck the Troll Berserker began the quest for the Orb.
     0 | D        | Reached XP level 1. HP: 22/22 MP: 0/0
     2 | D        | Found a glowing golden altar of the Shining One.
     2 | D        | Found a burning altar of Makhleb.
     3 | D        | Found a bloodstained altar of Trog.
     3 | D        | Found a snail-covered altar of Cheibriados.
     4 | D        | Found a sacrificial altar of Ru.
     4 | D        | Found a blossoming altar of Fedhas.
     4 | D        | Found Ystril's Staff Store.
     4 | D        | Found Zavaix's Magic Scroll Shop.
     5 | D        | Found Keapn's Must-Have Magic.
     5 | D        | Found Bolireo's Magic Scroll Shop.
     5 | D        | Round 1.
    25 | D        | Found a glowing silver altar of Zin.
    28 | D        | Noticed Terence
    29 | D        | Found a radiant altar of Vehumet.
    29 | D        | Found a basalt altar of Yredelemnul.
    29 | D        | Found Wonn's Timeless Talismans.
    29 | D        | Found Izimiomy's Jewellery.
    29 | D        | Noticed Sigmund
    38 | D        | Found a shimmering altar of Xom.
    46 | D        | Killed Terence
    47 | D        | Reached skill level 4 in Unarmed Combat
    47 | D        | Reached XP level 2. HP: 31/31 MP: 1/1
    59 | D        | Killed Sigmund
    60 | D        | Reached skill level 5 in Fighting
    60 | D        | Reached skill level 5 in Dodging
    60 | D        | Reached skill level 7 in Unarmed Combat
    60 | D        | Reached XP level 3. HP: 13/44 MP: 2/2
    60 | D        | Reached XP level 4. HP: 15/52 MP: 3/3
    60 | D        | Reached XP level 5. HP: 17/59 MP: 4/4
    66 | D        | Found Tuaph's Distillery.
    67 | D        | Found Itsegiw's Distillery.
    67 | D        | Found Monoimuy's Bottled Wisdom.
    99 | D        | Found Wenurch's Do-It-Yourself Clinic.
    99 | D        | Found a hide-covered altar of Uskayaw.
    99 | D        | Found an iron altar of Okawaru.
    99 | D        | Found a shimmering blue altar of Sif Muna.
   110 | D        | Found an ancient bone altar of Kikubaaqudgha.
   114 | D        | Found an opulent altar of Gozag.
   114 | D        | Found Nuxojetun's Weapon Rack.
   114 | D        | Found Rirhirgh's Basic Armour.
   115 | D        | Found Lascha's Miscellaneous Merchandise.
   121 | D        | Found Teijoryo's Premium Goods.
   121 | D        | Found a corrupted altar of Lugonu.
   123 | D        | Bought a +0 cloak for 54 gold pieces
   139 | D        | Found a shadowy altar of Dithmenos.
   141 | D        | Reached ** piety under Trog
   142 | D        | Found an ornate altar of the Wu Jian Council.
   142 | D        | Found a stormy altar of Qazlal.
   142 | D        | Found Daexig's Identification Station.
   142 | D        | Found Rogilix's Advanced Armour.
   159 | D        | Bought a faintly glowing turquoise ring for 45 gold pieces
   159 | D        | Identified the ring "Izxuculi" {rN+ Stlth+} (You bought it
                  | in a shop in the Dungeon)
   159 | D        | Bought a scintillating jade ring for 45 gold pieces
   159 | D        | Identified the ring "Haplic" {Fly rN+ Will+} (You bought it
                  | in a shop in the Dungeon)
   186 | D        | Arena points: 5 (+5) [x1]
   201 | D        | Round 2.
   206 | D        | Noticed Blork the orc
   219 | D        | Killed Blork the orc
   219 | D        | Reached *** piety under Trog
   220 | D        | Reached skill level 1 in Armour
   220 | D        | Reached skill level 1 in Stealth
   220 | D        | Reached XP level 6. HP: 57/67 MP: 5/5
   327 | D        | Reached **** piety under Trog
   327 | D        | Arena points: 33 (+28) [x2]
   390 | D        | Round 3.
   422 | D        | Noticed a redback
   428 | D        | Killed a redback
   429 | D        | Reached skill level 8 in Unarmed Combat
   451 | D        | Noticed a redback
   457 | D        | Killed a redback
   458 | D        | Reached XP level 7. HP: 27/78 MP: 6/6
   489 | D        | Noticed a redback
   495 | D        | Killed a redback
   495 | D        | Reached ***** piety under Trog
   496 | D        | Reached skill level 9 in Unarmed Combat
   516 | D        | Arena points: 51 (+18) [x1]
   531 | D        | Round 4.
   716 | D        | Arena points: 71 (+20) [x1]
   731 | D        | Round 5.
   732 | D        | Noticed a bunyip
   735 | D        | Killed a bunyip
   736 | D        | Reached skill level 5 in Armour
   736 | D        | Reached skill level 10 in Unarmed Combat
   736 | D        | Reached XP level 8. HP: 32/89 MP: 7/7
   765 | D        | Noticed the 27-headed Lernaean hydra
   772 | D        | Noticed a spriggan druid
   775 | D        | Noticed a ghost crab
   776 | D        | Killed the 27-headed Lernaean hydra
   776 | D        | Arena points: 191 (+120) [x3]
   777 | D        | Reached skill level 5 in Stealth
   777 | D        | Reached skill level 11 in Unarmed Combat
   777 | D        | Reached XP level 9. HP: 23/101 MP: 8/8
   784 | D        | Got a decaying rune of Zot
   852 | D        | Bought a scroll of revelation for 150 gold pieces
   948 | D        | Round 6.
  1051 | D        | Noticed an iron troll
  1057 | D        | Noticed a rust devil
  1073 | D        | Noticed a rust devil
  1076 | D        | Noticed a boulder beetle
  1080 | D        | Noticed a boulder beetle
  1098 | D        | Killed a rust devil
  1100 | D        | Demolished by a boulder beetle

Illustrated notes

Levels and vault maps discovered:
D:        arena_sprint

Skill      XL: |  1  2  3  4  5  6  7  8 |
---------------+-------------------------+-----
Fighting       | 3 5 6 7 8 9 |  9.9
Dodging        | 3 5 6 7 8 9 |  9.9
Unarmed Combat | 4 7 8 10 11 | 11.7
Armour         | 1 3 5 7 |  7.8
Stealth        | 1 2 4 5 |  5.9

Action                     |  1- 3 |  4- 6 |  7- 9 || total
---------------------------+-------+-------+-------++-------
  Melee: Unarmed           |     9 |    28 |    42 ||    79
         Punch             |       |     1 |     5 ||     6
 Invoke: Berserk           |     1 |     1 |     1 ||     3
         Brothers in Arms  |       |       |     3 ||     3
         Trog's Hand       |       |       |     1 ||     1
  Evoke: Wand              |       |       |     3 ||     3
    Use: Scroll            |       |       |     2 ||     2
   Stab: Distracted        |       |     1 |     2 ||     3
 Armour: Animal skin       |     9 |    15 |    35 ||    59
  Dodge: Dodged            |     3 |     6 |    27 ||    36

Table legend: (Time is in decaauts)
 A = Elapsed time spent in this place.
 B = Non-inter-level travel time spent in this place.
 C = Inter-level travel time spent in this place.
 D = Time resting spent in this place.
 E = Time spent auto-exploring this place.
 F = Levels seen in this place.
 G = Mean time per level.
                   A        B        C        D        E       F      G
               +--------+--------+--------+--------+--------+-----+--------+
         Total |   1113 |   1113 |      0 |    628 |     83 |   1 | 1113.0 |
       Dungeon |   1113 |   1113 |      0 |    628 |     83 |   1 | 1113.0 |
               +--------+--------+--------+--------+--------+-----+--------+

Top non-repeatable levels by time:
       D: 1113 daAuts
